 Dungeon Crawl Stone Soup version 0.20.1-1-g8b1a95d (webtiles) character file.

1091 Monsterracer the Firebug (level 7, 0/50 HPs)
             Began as a Demigod Fire Elementalist on July 19, 2017.
             Killed by divine providence
             ... invoked by an orc priest
              (10 damage)
             ... on level 5 of the Dungeon.
             The game lasted 00:14:05 (4265 turns).

Monsterracer the Firebug (DgFE)                     Turns: 4265, Time: 00:14:06

Health: 0/50       AC:  3    Str: 11    XL:     7   Next: 83%
Magic:  5/16       EV: 12    Int: 23    God:
Gold:   228        SH:  0    Dex: 16    Spells: 0/13 levels left

rFire    . . .     SeeInvis .   o - +0 quarterstaff
rCold    . . .     Gourm    .   (shield currently unavailable)
rNeg     . . .     Faith    .   a - +1 robe
rPois    .         Spirit   .   (no helmet)
rElec    .         Reflect  .   (no cloak)
rCorr    .         Harm     .   (no gloves)
MR       +....                  (no boots)
Stlth    ++........             (no amulet)
Regen    0.2/turn               n - ring of protection from magic
MPRegen  0.2/turn               (no ring)

@: no status effects
A: high mp 1
a: no special abilities


You were on level 5 of the Dungeon.
You were not hungry.

You visited 1 branch of the dungeon, and saw 5 of its levels.

You collected 228 gold pieces.

Inventory:

Hand Weapons
 o - a +0 quarterstaff (weapon)
Armour
 a - a +1 robe (worn)
Jewellery
 n - a ring of protection from magic (left hand)
Scrolls
 f - a scroll of remove curse
 j - a scroll of fog
Potions
 d - 2 potions of mutation
 e - 2 potions of curing {unknown}
 h - a potion of haste {unknown}
 i - a potion of degeneration {unknown}
 k - a potion of might {unknown}
 m - 2 potions of lignification {unknown}
 p - a potion of brilliance {unknown}
 q - 2 potions of heal wounds
Books
 b - a book of Flames

   Spells                             Type                      Level
   a - Flame Tongue                   Conjuration/Fire             1
   b - Throw Flame                    Conjuration/Fire             2
   c - Conjure Flame                  Conjuration/Fire             3
   d - Inner Flame                    Hexes/Fire                   3
   e - Sticky Flame                   Conjuration/Fire             4
   f - Fireball                       Conjuration/Fire             5
 l - Jessica's Grimoire of Talismans
   (You found it on level 3 of the Dungeon)

   Spells                             Type                      Level
   a - Swiftness                      Charms/Air                   2
Comestibles
 c - 7 bread rations
 g - 3 royal jellies


   Skills:
 - Level 1.7 Dodging
 - Level 1.7 Stealth
 + Level 3.8 Spellcasting
 * Level 5.5 Conjurations
 * Level 6.1 Fire Magic


You couldn't memorise any spells.
You knew the following spells:

 Your Spells              Type           Power        Failure   Level  Hunger
a - Flame Tongue          Conj/Fire      ####.        1%          1    None
b - Conjure Flame         Conj/Fire      ####....     3%          3    ###....
c - Sticky Flame          Conj/Fire      ####....     10%         4    ####...
d - Fireball              Conj/Fire      ####......   26%         5    ######.


Dungeon Overview and Level Annotations

Branches:
Dungeon (5/15)
 Temple: D:4-7


Innate Abilities, Weirdness & Mutations

You have an increased reservoir of magic. (+10% MP)


Message History

The jackal bites you.
* * * LOW HITPOINT WARNING * * *
Damage: -4%(-2hp) hp: 18%(9hp)
Casting: Flame Tongue
Confirm with . or Enter, or press ? or * to list all spells.
Aiming: Flame Tongue
Press: ? - help, Shift-Dir - straight line, f/p - jackal
Aim: a jackal (moderately wounded)
The flame tongue hits the jackal.
You kill the jackal!
Casting: Flame Tongue
Confirm with . or Enter, or press ? or * to list all spells.
Aiming: Flame Tongue
Press: ? - help, Shift-Dir - straight line, f - jackal
Aim: a jackal The flame tongue hits the jackal.
You kill the jackal!
The orc priest mumbles some strange prayers to Beogh against you.
Beogh smites you!
You die...

## .##############
.#o)..........####
...########..h.o.#
.### #.#.##{# .#
#.#.##.# )#
#.#h.#.# .#######
#.##.#h# ##.....#
#.# h#@# ##.....#
#......# .......#
#....... ##.....#
#.##.##.# #.....#
# ##. .# ########
# #.. .# ...#
#.#.# .# ...#
#.#.###.# ...#
#...h.hh#


You could see an orc priest and a jackal.

Vanquished Creatures
  Grinder (D:5)
  The ghost of noisi the Ogre Mage, an amateur OgWz (D:4)
  Edmund (D:4)
  An orc warrior (D:5)
  2 ogres
  2 scorpions (D:5)
  A crimson imp (D:2)
  A hound (D:4)
  An orc wizard (D:5)
  An iguana (D:4)
  Jessica (D:3)
  A worker ant (D:4)
  4 adders
  2 worms
  4 dart slugs
  3 leopard geckos
  4 orcs
  7 giant cockroaches
  2 goblins
  6 hobgoblins
  5 jackals
  6 kobolds
  2 quokkas
  A ball python skeleton (D:4)
  7 bats
  A frilled lizard (D:2)
  7 rats
75 creatures vanquished.

Notes
Turn   | Place    | Note
-------+----------+-------------------------------------------
     0 | D:1      | Monsterracer the Demigod Fire Elementalist began the quest for the Orb.
     0 | D:1      | Reached XP level 1. HP: 14/14 MP: 5/5
   134 | D:1      | Reached skill level 1 in Conjurations
   423 | D:1      | Reached skill level 3 in Fire Magic
   516 | D:1      | Reached XP level 2. HP: 20/20 MP: 4/7
  1567 | D:2      | Found a shadowy altar of Dithmenos.
  1620 | D:2      | Reached XP level 3. HP: 24/26 MP: 8/8
  1625 | D:2      | Learned a level 3 spell: Conjure Flame
  1962 | D:3      | Found a faded altar of an unknown god.
  2018 | D:3      | Noticed Jessica
  2028 | D:3      | Killed Jessica
  2034 | D:3      | Identified Jessica's Grimoire of Talismans
  2163 | D:2      | Reached XP level 4. HP: 8/33 MP: 8/10
  2740 | D:4      | Reached skill level 4 in Fire Magic
  2740 | D:4      | Reached XP level 5. HP: 31/38 MP: 11/11
  2885 | D:4      | Noticed noisi's ghost (amateur OgWz)
  2889 | D:4      | Killed noisi's ghost
  2889 | D:4      | Reached XP level 6. HP: 39/45 MP: 8/13
  2895 | D:4      | Learned a level 4 spell: Sticky Flame
  3136 | D:4      | Noticed Edmund
  3201 | D:4      | Killed Edmund
  3201 | D:4      | Reached skill level 5 in Fire Magic
  3830 | D:5      | Entered Level 5 of the Dungeon
  3830 | D:5      | Noticed Grinder
  3841 | D:5      | Killed Grinder
  3841 | D:5      | Reached XP level 7. HP: 38/50 MP: 3/15
  4033 | D:5      | Reached skill level 5 in Conjurations
  4103 | D:5      | Reached skill level 6 in Fire Magic
  4153 | D:5      | Learned a level 5 spell: Fireball
  4265 | D:5      | Killed from afar by an orc priest

Skill      XL: |  1  2  3  4  5  6  7 |
---------------+----------------------+-----
Conjurations   | 1 2 3 4 5 |  5.5
Fire Magic     | 3 4 5 6 |  6.1
Spellcasting   | 2 3 |  3.8
Dodging        | |  1.7
Stealth        | |  1.7

Action                   |  1- 3 |  4- 6 |  7- 9 || total
-------------------------+-------+-------+-------++-------
Melee: Dagger            |    34 |       |       ||    34
       Unarmed           |     8 |       |       ||     8
       Trident           |    57 |    26 |       ||    83
       Quarterstaff      |       |     8 |     6 ||    14
 Cast: Flame Tongue      |    58 |    40 |    28 ||   126
       Conjure Flame     |       |     5 |     4 ||     9
       Sticky Flame      |       |     1 |     1 ||     2
  Use: Scroll            |     6 |     3 |     1 ||    10
 Stab: Sleeping          |     6 |     4 |       ||    10
  Eat: Chunk             |     4 |     6 |     2 ||    12
Armor: Robe              |    33 |     8 |     3 ||    44
Dodge: Dodged            |    82 |    13 |    10 ||   105
